APL (24 & UNDER)
ATHENS ASSASSINS @ KENOSHA KINGFISH
08/13/2030
 
TOP OF THE 1ST
Athens Assassins batting - Pitching for Kenosha Kingfish : RHP Jeff McIntosh
Pitching: RHP Jeff McIntosh
Batting: RHB Pat Johnston 0-0: Called Strike
0-1: Swinging Strike
0-2: Strikes out swinging
Batting: RHB Luis López 0-0: Swinging Strike
0-1: Ball
1-1: Ball
2-1: Foul Ball, location: 2F
2-2: Strikes out looking
Batting: RHB John Conway 0-0: Ball
1-0: Ball
2-0: Swinging Strike
2-1: Swinging Strike
2-2: Ball
3-2: Strikes out looking
Top of the 1st over - 0 runs, 0 hits, 0 errors, 0 left on base; Athens 0 - Kenosha 0
BOTTOM OF THE 1ST
Kenosha Kingfish batting - Pitching for Athens Assassins : RHP James Mantle
Pitching: RHP James Mantle
Batting: LHB Jerry Benjamin 0-0: Called Strike
0-1: Called Strike
0-2: Strikes out swinging
Batting: RHB Warren Strathbogie 0-0: Foul Ball, location: 2F
0-1: Ball
1-1: Swinging Strike
1-2: Strikes out swinging
Batting: LHB Juan Rodríguez 0-0: Ball
1-0: Foul Ball, location: 2F
1-1: Ball
2-1: Foul Ball, location: 2F
2-2: Foul Ball, location: 2F
2-2: Strikes out swinging
Bottom of the 1st over - 0 runs, 0 hits, 0 errors, 0 left on base; Athens 0 - Kenosha 0
TOP OF THE 2ND
Athens Assassins batting - Pitching for Kenosha Kingfish : RHP Jeff McIntosh
Batting: RHB John Jones 0-0: Called Strike
0-1: Swinging Strike
0-2: Ball
1-2: Strikes out swinging
Batting: RHB Jorge Loanos 0-0: Called Strike
0-1: Ball
1-1: Called Strike
1-2: Ball
2-2: Ball
3-2: SINGLE (Flyball, 9S)
Batting: RHB Kiyonaga Ogawa 0-0: Ball
1-0: Ball
2-0: Ball
3-0: Called Strike
3-1: Foul Ball, location: 2F
3-2: Foul Ball, location: 2F
3-2: Foul Ball, location: 2F
3-2: Base on Balls
Jorge Loanos to second
Batting: RHB Maximino Abbado 0-0: Swinging Strike
0-1: Swinging Strike
0-2: Ball
1-2: Strikes out looking
Batting: RHB Don Martin 0-0: Called Strike
0-1: Foul Ball, location: 2F
0-2: Ball
1-2: Ball
2-2: Strikes out looking
Top of the 2nd over - 0 runs, 1 hit, 0 errors, 2 left on base; Athens 0 - Kenosha 0
BOTTOM OF THE 2ND
Kenosha Kingfish batting - Pitching for Athens Assassins : RHP James Mantle
Batting: LHB Luis Martínez 0-0: Foul Ball, location: 2F
0-1: Fly out, F7 (Flyball, 7S)
Now in LF: Britt Short
Batting: RHB Mike Martínez 0-0: SINGLE (Groundball, 4MD)
Batting: RHB Vicente Rosales Pickoff Throw to First - Out!
0-0: Called Strike
0-1: Called Strike
0-2: Strikes out swinging
Bottom of the 2nd over - 0 runs, 1 hit, 0 errors, 0 left on base; Athens 0 - Kenosha 0
TOP OF THE 3RD
Athens Assassins batting - Pitching for Kenosha Kingfish : RHP Jeff McIntosh
Batting: RHB Alfonso Flores 0-0: Ground out 6-3 (Groundball, 6)
Batting: RHB Pat Johnston 0-0: Called Strike
0-1: Ground out 4-3 (Groundball, 4)
Batting: RHB Luis López 0-0: Ball
1-0: Ball
2-0: Ball
3-0: Base on Balls
Batting: RHB John Conway 0-0: Ball
1-0: Ball
2-0: Ball
3-0: Called Strike
3-1: Foul Ball, location: 2F
3-2: Ground out 6-3 (Groundball, 6S)
Top of the 3rd over - 0 runs, 0 hits, 0 errors, 1 left on base; Athens 0 - Kenosha 0
BOTTOM OF THE 3RD
Kenosha Kingfish batting - Pitching for Athens Assassins : RHP James Mantle
Batting: RHB Jeff Navarro 0-0: Called Strike
0-1: Ball
1-1: Foul Ball, location: 2F
1-2: SINGLE (Line Drive, 7LS)
Batting: RHB Juan Escalante 0-0: Called Strike
0-1: Swinging Strike
0-2: Foul Ball, location: 2F
0-2: Foul Ball, location: 2F
0-2: Foul Ball, location: 2F
0-2: Ball
1-2: Foul Ball, location: 2F
1-2: Strikes out swinging
Batting: RHB Charlie Guzmén 0-0: Swinging Strike
0-1: Ball
1-1: Called Strike
1-2: SINGLE (Flyball, 7S)
Jeff Navarro to second
Batting: LHB Jerry Benjamin 0-0: Ball
1-0: Called Strike
1-1: Foul Ball, location: 2F
1-2: Ball
2-2: 3-RUN HOME RUN (Flyball, 9LD), Distance : 332 ft
Batting: RHB Warren Strathbogie 0-0: Foul Ball, location: 2F
0-1: Ball
1-1: Called Strike
1-2: Ball
2-2: Strikes out swinging
Batting: LHB Juan Rodríguez 0-0: Ball
1-0: Fly out, F5 (Popup, 25)
Bottom of the 3rd over - 3 runs, 3 hits, 0 errors, 0 left on base; Athens 0 - Kenosha 3
TOP OF THE 4TH
Athens Assassins batting - Pitching for Kenosha Kingfish : RHP Jeff McIntosh
Batting: RHB Britt Short 0-0: Foul Ball, location: 2F
0-1: Called Strike
0-2: Foul Ball, location: 2F
0-2: Foul Ball, location: 2F
0-2: Ball
1-2: Ball
2-2: Ball
3-2: Ground out 6-3 (Groundball, 6D)
Batting: RHB Jorge Loanos 0-0: Ball
1-0: Ball
2-0: Called Strike
2-1: Ground out 5-3 (Groundball, 5)
Batting: RHB Kiyonaga Ogawa 0-0: Ball
1-0: DOUBLE (Line Drive, 78D)
Batting: RHB Maximino Abbado 0-0: Ball
1-0: Ball
2-0: Ball
3-0: Called Strike
3-1: Base on Balls
Batting: RHB Don Martin 0-0: Ball
1-0: Ball
2-0: Ball
3-0: Base on Balls
Kiyonaga Ogawa to third
Maximino Abbado to second
Batting: RHB Alfonso Flores 0-0: Called Strike
0-1: Called Strike
0-2: Strikes out swinging
Top of the 4th over - 0 runs, 1 hit, 0 errors, 3 left on base; Athens 0 - Kenosha 3
BOTTOM OF THE 4TH
Kenosha Kingfish batting - Pitching for Athens Assassins : RHP James Mantle
Batting: LHB Luis Martínez 0-0: Foul Ball, location: 2F
0-1: Called Strike
0-2: Strikes out swinging
Batting: RHB Mike Martínez 0-0: Foul Ball, location: 2F
0-1: Foul Ball, location: 2F
0-2: Ground out 4-3 (Groundball, 4)
Batting: RHB Vicente Rosales 0-0: Fly out, F8 (Flyball, 8LD)
Bottom of the 4th over - 0 runs, 0 hits, 0 errors, 0 left on base; Athens 0 - Kenosha 3
TOP OF THE 5TH
Athens Assassins batting - Pitching for Kenosha Kingfish : RHP Jeff McIntosh
Batting: RHB Pat Johnston 0-0: Ball
1-0: Swinging Strike
1-1: Ground out 6-3 (Groundball, 6)
Batting: RHB Luis López 0-0: Fly out, F2 (Popup, 23F)
Batting: RHB John Conway 0-0: Ball
1-0: Swinging Strike
1-1: Fly out, F7 (Flyball, 7LM)
Top of the 5th over - 0 runs, 0 hits, 0 errors, 0 left on base; Athens 0 - Kenosha 3
BOTTOM OF THE 5TH
Kenosha Kingfish batting - Pitching for Athens Assassins : RHP James Mantle
Batting: RHB Jeff Navarro 0-0: Swinging Strike
0-1: Ball
1-1: Ball
2-1: Called Strike
2-2: Strikes out swinging
Batting: RHB Juan Escalante 0-0: Ball
1-0: Ball
2-0: Foul Ball, location: 2F
2-1: SOLO HOME RUN (Flyball, 7LD), Distance : 360 ft
Batting: RHB Charlie Guzmén 0-0: Foul Ball, location: 2F
0-1: Called Strike
0-2: Strikes out looking
Batting: LHB Jerry Benjamin 0-0: Ball
1-0: Called Strike
1-1: Foul Ball, location: 2F
1-2: DOUBLE (Groundball, 3L)
Batting: RHB Warren Strathbogie 0-0: Called Strike
0-1: Foul Ball, location: 2F
0-2: Ball
1-2: Strikes out swinging
Bottom of the 5th over - 1 run, 2 hits, 0 errors, 1 left on base; Athens 0 - Kenosha 4
TOP OF THE 6TH
Athens Assassins batting - Pitching for Kenosha Kingfish : RHP Jeff McIntosh
Batting: RHB Britt Short 0-0: Called Strike
0-1: Swinging Strike
0-2: Ball
1-2: Strikes out swinging
Batting: RHB Jorge Loanos 0-0: Ball
1-0: Called Strike
1-1: Called Strike
1-2: Foul Ball, location: 2F
1-2: Strikes out swinging
Batting: RHB Kiyonaga Ogawa 0-0: Called Strike
0-1: Ball
1-1: SINGLE (Groundball, 34D)
Batting: RHB Maximino Abbado 0-0: Ball
1-0: Ball
2-0: Ball
3-0: Called Strike
3-1: Base on Balls
Kiyonaga Ogawa to second
Pitching: RHP Greg Woods
Batting: RHB Don Martin 0-0: Ball
1-0: Called Strike
1-1: Ball
2-1: Foul Ball, location: 2F
2-2: Strikes out swinging
Top of the 6th over - 0 runs, 1 hit, 0 errors, 2 left on base; Athens 0 - Kenosha 4
BOTTOM OF THE 6TH
Kenosha Kingfish batting - Pitching for Athens Assassins : RHP James Mantle
Batting: LHB Juan Rodríguez 0-0: Called Strike
0-1: Ball
1-1: Ball
2-1: Swinging Strike
2-2: Ball
3-2: Base on Balls
Batting: LHB Luis Martínez 0-0: Ball
1-0: Ball
2-0: Called Strike
2-1: Fly out, F7 (Flyball, 7LS)
Batting: RHB Mike Martínez 0-0: Ball
1-0: Fly out, F8 (Flyball, 8RM)
Batting: RHB Vicente Rosales 0-0: Foul Ball, location: 2F
0-1: Ball
1-1: Ball
2-1: Foul Ball, location: 2F
2-2: Ball
3-2: DOUBLE (Groundball, 5L)
Juan Rodríguez to third
Juan Rodríguez scores
Pitching: RHP Franklin Booth
Batting: RHB Jeff Navarro 0-0: Ground out 4-3 (Groundball, 4M)
Bottom of the 6th over - 1 run, 1 hit, 0 errors, 1 left on base; Athens 0 - Kenosha 5
TOP OF THE 7TH
Athens Assassins batting - Pitching for Kenosha Kingfish : RHP Greg Woods
Batting: RHB Alfonso Flores 0-0: Ground out U3 (Groundball, 34S)
Batting: RHB Pat Johnston 0-0: Ball
1-0: Swinging Strike
1-1: Foul Ball, location: 2F
1-2: Strikes out swinging
Batting: RHB Luis López 0-0: Ball
1-0: Ground out 6-3 (Groundball, 6M)
Top of the 7th over - 0 runs, 0 hits, 0 errors, 0 left on base; Athens 0 - Kenosha 5
BOTTOM OF THE 7TH
Kenosha Kingfish batting - Pitching for Athens Assassins : RHP Franklin Booth
Batting: RHB Juan Escalante 0-0: Ball
1-0: Ball
2-0: Ball
3-0: Called Strike
3-1: Ground out 5-3 (Groundball, 56)
Batting: RHB Charlie Guzmén 0-0: Foul Ball, location: 2F
0-1: Foul Ball, location: 2F
0-2: Ground out 1-3 (Groundball, 13)
Batting: LHB Jerry Benjamin 0-0: Ball
1-0: Foul Ball, location: 2F
1-1: Ball
2-1: Called Strike
2-2: Ball
3-2: Reached on error, E4 (Groundball, 4D)
Batting: RHB Warren Strathbogie 0-0: Called Strike
0-1: Called Strike
0-2: Hit by Pitch
Jerry Benjamin to second
Batting: LHB Juan Rodríguez 0-0: Fly out, F8 (Flyball, 8LM)
Bottom of the 7th over - 0 runs, 0 hits, 1 error, 2 left on base; Athens 0 - Kenosha 5
TOP OF THE 8TH
Athens Assassins batting - Pitching for Kenosha Kingfish : RHP Greg Woods
Now at 1B: José Ayala
Batting: RHB John Conway 0-0: Ball
1-0: Foul Ball, location: 2F
1-1: Foul Ball, location: 2F
1-2: Ball
2-2: Foul Ball, location: 2F
2-2: Strikes out swinging
Batting: RHB Britt Short 0-0: Called Strike
0-1: Ball
1-1: Called Strike
1-2: Foul Ball, location: 2F
1-2: Foul Ball, location: 2F
1-2: Ball
2-2: Strikes out looking
Batting: RHB Jorge Loanos 0-0: Ball
1-0: Ball
2-0: Ball
3-0: Called Strike
3-1: Called Strike
3-2: Ground out 4-3 (Groundball, 4)
Top of the 8th over - 0 runs, 0 hits, 0 errors, 0 left on base; Athens 0 - Kenosha 5
BOTTOM OF THE 8TH
Kenosha Kingfish batting - Pitching for Athens Assassins : RHP Franklin Booth
Batting: LHB Luis Martínez 0-0: Called Strike
0-1: Hit by Pitch
Batting: RHB Mike Martínez 0-0: Ball
1-0: Called Strike
1-1: DOUBLE (Groundball, 3L)
Luis Martínez to third
Batting: RHB Vicente Rosales 0-0: Ball
1-0: SINGLE (Groundball, 6D)
Luis Martínez scores
Mike Martínez to third
Batting: RHB Jeff Navarro 0-0: Ball
1-0: Foul Ball, location: 2F
1-1: Foul Ball, location: 2F
1-2: Strikes out swinging
Batting: RHB Juan Escalante 0-0: Swinging Strike
0-1: 3-RUN HOME RUN (Flyball, 7LD), Distance : 357 ft
Batting: RHB Charlie Guzmén 0-0: Foul Ball, location: 2F
0-1: Fly out, F7 (Flyball, 78M)
Batting: SHB José Ayala 0-0: Called Strike
0-1: Fly out, F8 (Flyball, 8LD)
Bottom of the 8th over - 4 runs, 3 hits, 0 errors, 0 left on base; Athens 0 - Kenosha 9
TOP OF THE 9TH
Athens Assassins batting - Pitching for Kenosha Kingfish : RHP Greg Woods
Batting: RHB Kiyonaga Ogawa 0-0: Ball
1-0: Foul Ball, location: 2F
1-1: Ball
2-1: Fly out, F7 (Flyball, 7S)
Batting: RHB Maximino Abbado 0-0: Called Strike
0-1: Ball
1-1: Foul Ball, location: 2F
1-2: Strikes out looking
Batting: RHB Don Martin 0-0: Called Strike
0-1: Ball
1-1: Swinging Strike
1-2: SINGLE (Groundball, 34D)
Batting: RHB Alfonso Flores 0-0: Ball
1-0: Ground out U3 (Groundball, 34S)
Top of the 9th over - 0 runs, 1 hit, 0 errors, 1 left on base; Athens 0 - Kenosha 9
Saturday, April 7th, 2018 - OOTP Baseball 18.8 Build 76